Jets vs Flames
Created - May 18, 2025 at 19:11
Goals
|
| Jets |
0 |
2 |
0 |
2 |
| Flames |
0 |
3 |
1 |
4 |
|
Shots
|
| Jets |
11 |
9 |
9 |
29 |
| Flames |
11 |
12 |
5 |
28 |
|
1st period
No Goal
Penalties :
Eric Staal (Cal) for Interference (Minor) at 2:38, Adam Larsson (Win) for Interference (Minor) at 7:48
2nd period
1. Flames , Eric Staal 43 (Sami Vatanen 51, Jake DeBrusk 40) at 1:10 (PP)
2. Flames , Bryan Rust 33 (Jake DeBrusk 41, Eric Staal 61) at 6:17 (PP)
3. Jets , Jack Roslovic 33 (Dougie Hamilton 32, Anthony Mantha 28) at 6:23
4. Jets , Anthony Mantha 31 (Tyler Seguin 52) at 7:01
5. Flames , Eric Staal 44 (Rasmus Andersson 12, Colby Robak 11) at 14:57
Penalties :
Anthony Mantha (Win) for Cross-checking (Minor) at 0:03, Erik Cernak (Win) for Holding (Minor) at 5:50
3rd period
6. Flames , Bryan Rust 34 (Eric Staal 62, Patrik Berglund 34) at 9:03
Penalties :
Eric Staal (Cal) for High sticking (Minor) at 0:22, Jimmy Hayes (Cal) for Roughing (Minor) at 9:41
Goalie Stats
Jacob Markstrom (Win), 24 saves from 28 shots - (0.857), L, 38-32-4, 60:00 minutes
Christopher Gibson (Cal), 27 saves from 29 shots - (0.931), W, 37-26-3, 60:00 minutes
Players Stats for Jets
Player Name G A P +/- PIM S H SB GA TA FO MP PP MP PK MP
------------------------------------------------------------------------------------
Adam Gaudette 0 0 0 -1 0 4 2 0 0 0 0/0 16:45 2:39 0:00
Adam Larsson 0 0 0 0 2 1 2 1 2 1 0/0 27:39 3:43 1:06
Alex Tuch 0 0 0 0 0 0 1 0 0 0 1/1 12:00 0:01 0:00
Anthony Mantha 1 1 2 1 2 3 1 1 1 0 1/3 21:12 3:17 1:28
Charlie Coyle 0 0 0 -1 0 1 0 0 0 0 2/10 17:18 2:39 0:57
Dougie Hamilton 0 1 1 0 0 3 2 0 0 3 0/0 27:58 3:43 2:19
Dylan Strome 0 0 0 0 0 2 0 0 0 0 3/6 12:32 0:01 0:03
Erik Cernak 0 0 0 0 2 0 0 2 0 1 0/0 12:43 0:00 0:52
Jack Roslovic 1 0 1 1 0 1 1 0 1 0 0/0 18:50 3:17 0:00
Noah Hanifin 0 0 0 0 0 0 0 1 0 0 0/0 11:58 0:00 0:06
Pavel Buchnevich 0 0 0 -1 0 3 3 1 0 0 0/1 18:34 2:39 1:52
Robby Fabbri 0 0 0 0 0 3 0 0 2 1 0/0 11:47 0:01 0:13
Roope Hintz 0 0 0 0 0 1 0 0 0 0 3/5 8:23 0:00 0:00
Ryan Murray 0 0 0 0 0 1 0 2 0 0 0/0 20:04 2:14 1:08
Sam Reinhart 0 0 0 0 0 1 1 0 2 1 0/0 8:23 0:00 0:00
Samuel Blais 0 0 0 0 0 0 0 0 0 0 0/0 8:23 0:00 0:00
Troy Stetcher 0 0 0 0 0 1 0 0 0 2 0/0 20:31 2:14 1:35
Tyler Seguin 0 1 1 1 0 4 0 1 1 1 25/39 21:24 3:17 2:33
Players Stats for Flames
Player Name G A P +/- PIM S H SB GA TA FO MP PP MP PK MP
------------------------------------------------------------------------------------
Anders Lee 0 0 0 0 0 1 1 0 0 1 1/4 10:42 0:00 1:57
Brad Marchand 0 0 0 1 0 0 5 1 0 0 0/2 18:47 0:55 0:44
Bryan Rust 2 0 2 1 0 5 2 1 0 0 0/2 22:26 2:38 3:31
Christian Folin 0 0 0 -2 0 1 0 4 3 0 0/0 20:29 0:00 2:39
Colby Robak 0 1 1 1 0 0 1 2 0 1 0/0 12:24 0:00 0:00
David Ullstrom 0 0 0 0 0 1 0 0 0 1 0/0 11:12 0:00 1:42
Eric Staal 2 2 4 1 4 6 1 0 0 1 13/28 20:41 2:38 0:28
Erik Johnson 0 0 0 1 0 0 0 3 1 0 0/0 26:13 2:39 3:18
Esa Lindell 0 0 0 -2 0 3 0 2 0 3 0/0 21:23 0:54 2:39
Evgeny Svechnikov 0 0 0 0 0 0 0 0 0 0 0/0 9:04 0:00 0:00
Jake DeBrusk 0 2 2 -1 0 2 2 0 2 0 0/1 14:18 2:38 0:00
Jimmy Hayes 0 0 0 0 2 4 0 1 1 0 1/1 13:11 0:55 0:00
Kevin Labanc 0 0 0 -1 0 1 2 2 2 1 0/0 12:02 0:00 0:00
Patrik Berglund 0 1 1 0 0 1 0 0 0 0 13/18 17:42 0:55 3:18
Rasmus Andersson 0 1 1 1 0 0 1 0 1 1 0/0 13:18 0:54 0:00
Sami Vatanen 0 1 1 1 0 3 1 2 0 0 0/0 26:13 2:39 3:18
Tanner Pearson 0 0 0 0 0 0 1 0 0 0 0/1 12:07 0:00 0:00
Victor Rask 0 0 0 -1 0 0 0 1 0 0 2/8 11:48 0:00 0:14
3 Stars
1 - Eric Staal (Cal)
2 - Bryan Rust (Cal)
3 - Anthony Mantha (Win)
Power Play
Jets - 0 on 3 Attempt(s) - 0.00%
Flames - 2 on 3 Attempt(s) - 66.67%
Penalty Kill
Jets - 1 on 3 Attempt(s) - 33.33%
- Score 0 goal in Penalty Kill
Flames - 3 on 3 Attempt(s) - 100.00%
- Score 0 goal in Penalty Kill
Team Stat
Jets - Hits : 13 - Faceoff Wins : 35 - Blocked Shots : 9 - Penalty Minutes : 6
Flames - Hits : 17 - Faceoff Wins : 30 - Blocked Shots : 19 - Penalty Minutes : 6
Official
Referees : Jean Hebert and Brian Pochmara
Linesman : Steve Miller and Shandor Alphonso
Game Notes
6:05 of 2nd period - Flames goal is going for a video replay. After video review, No Goal. The goalkeeper has been pushed into the net together with the puck after making a save.
Finance
Level 1 -- Attendance: 5623 (93.72%) -- Ticket Income $562,300
Level 2 -- Attendance: 4619 (92.38%) -- Ticket Income $323,330
Level 3 -- Attendance: 1948 (97.40%) -- Ticket Income $77,920
Level 4 -- Attendance: 3514 (87.85%) -- Ticket Income $105,420
Luxury Box -- Attendance: 938 (93.80%) -- Ticket Income $187,600
Game was played at the Scotiabank Saddledome.
Total Attendance: 16642 (92.46%)
Total Ticket Income: $1,256,570
Other Income: $188,486
Total Income: $1,445,056
Jets
5 vs 5 Forward
Center Left Wing Right Wing Time % Phy DF OF
1 Tyler Seguin Anthony Mantha Jack Roslovic 40 1 2 2
2 Charlie Coyle Pavel Buchnevich Adam Gaudette 30 1 2 2
3 Dylan Strome Robby Fabbri Alex Tuch 20 1 2 2
4 Roope Hintz Samuel Blais Sam Reinhart 10 1 2 2
5 vs 5 Defense
Defense Defense Time % Phy DF OF
1 Adam Larsson Dougie Hamilton 40 1 2 2
2 Ryan Murray Troy Stetcher 30 1 2 2
3 Erik Cernak Noah Hanifin 20 1 2 2
4 Adam Larsson Dougie Hamilton 10 1 2 2
PowerPlay Forward
Center Left Wing Right Wing Time % Phy DF OF
1 Tyler Seguin Anthony Mantha Jack Roslovic 60 1 2 2
2 Charlie Coyle Pavel Buchnevich Adam Gaudette 40 1 2 2
PowerPlay Defense
Defense Defense Time % Phy DF OF
1 Adam Larsson Dougie Hamilton 60 1 2 2
2 Ryan Murray Troy Stetcher 40 1 2 2
Penalty Kill 4 Players Forward
Center Wing Time % Phy DF OF
1 Tyler Seguin Anthony Mantha 60 1 2 2
2 Charlie Coyle Pavel Buchnevich 40 1 2 2
Penalty Kill 4 Players Defense
Defense Defense Time % Phy DF OF
1 Adam Larsson Dougie Hamilton 60 1 2 2
2 Ryan Murray Troy Stetcher 40 1 2 2
Penalty Kill - 3 Players Forward
Forward Time % Phy DF OF
1 Tyler Seguin 60 1 2 2
2 Charlie Coyle 40 1 2 2
Penalty Kill - 3 Players Defense
Defense Defense Time % Phy DF OF
1 Adam Larsson Dougie Hamilton 60 1 2 2
2 Ryan Murray Troy Stetcher 40 1 2 2
4 vs 4 Forward
Center Wing Time % Phy DF OF
1 Tyler Seguin Anthony Mantha 60 1 2 2
2 Charlie Coyle Pavel Buchnevich 40 1 2 2
4 vs 4 Defense
Defense Defense Time % Phy DF OF
1 Adam Larsson Dougie Hamilton 60 1 2 2
2 Ryan Murray Troy Stetcher 40 1 2 2
Last Minutes Offensive
Center Left Wing Right Wing Defense Defense
Tyler Seguin Anthony Mantha Jack Roslovic Adam Larsson Dougie Hamilton
Last Minutes Defensive
Center Left Wing Right Wing Defense Defense
Tyler Seguin Anthony Mantha Jack Roslovic Adam Larsson Dougie Hamilton
Goaltenders
Starting : Jacob Markstrom
Backup : James Reimer
Extra Forwards
Normal : Pavel Buchnevich, Adam Gaudette, Alex Tuch - PP : Pavel Buchnevich, Adam Gaudette - PK : Pavel Buchnevich
Extra Defensemen
Normal : Troy Stetcher, Erik Cernak, Noah Hanifin - PP : Troy Stetcher - PK : Troy Stetcher, Erik Cernak
Penalty Shots
Tyler Seguin, Charlie Coyle, Jack Roslovic, Anthony Mantha, Pavel Buchnevich
Custom OT Lines Forwards
Tyler Seguin, Charlie Coyle, Jack Roslovic, Anthony Mantha, Pavel Buchnevich, Adam Gaudette, Alex Tuch, Robby Fabbri, Dylan Strome, Roope Hintz
Custom OT Lines Defensemen
Adam Larsson, Dougie Hamilton, Ryan Murray, Troy Stetcher, Erik Cernak
Scratches
Frank Vatrano (Healthy)
Flames
5 vs 5 Forward
Center Left Wing Right Wing Time % Phy DF OF
1 Eric Staal Brad Marchand Bryan Rust 40 1 2 2
2 Patrik Berglund Tanner Pearson Jimmy Hayes 30 1 2 2
3 Victor Rask Jake DeBrusk Kevin Labanc 20 1 2 2
4 Anders Lee David Ullstrom Evgeny Svechnikov 10 1 2 2
5 vs 5 Defense
Defense Defense Time % Phy DF OF
1 Sami Vatanen Erik Johnson 40 1 2 2
2 Esa Lindell Christian Folin 30 1 2 2
3 Colby Robak Rasmus Andersson 20 1 2 2
4 Esa Lindell Christian Folin 10 1 2 2
PowerPlay Forward
Center Left Wing Right Wing Time % Phy DF OF
1 Eric Staal Jake DeBrusk Bryan Rust 60 1 1 3
2 Patrik Berglund Brad Marchand Jimmy Hayes 40 1 1 3
PowerPlay Defense
Defense Defense Time % Phy DF OF
1 Sami Vatanen Erik Johnson 60 1 1 3
2 Esa Lindell Rasmus Andersson 40 1 1 3
Penalty Kill 4 Players Forward
Center Wing Time % Phy DF OF
1 Patrik Berglund Bryan Rust 60 1 3 1
2 Eric Staal David Ullstrom 40 1 3 1
Penalty Kill 4 Players Defense
Defense Defense Time % Phy DF OF
1 Sami Vatanen Erik Johnson 60 1 3 1
2 Esa Lindell Christian Folin 40 1 3 1
Penalty Kill - 3 Players Forward
Forward Time % Phy DF OF
1 Patrik Berglund 60 1 2 2
2 Eric Staal 40 1 2 2
Penalty Kill - 3 Players Defense
Defense Defense Time % Phy DF OF
1 Sami Vatanen Erik Johnson 60 1 2 2
2 Esa Lindell Christian Folin 40 1 2 2
4 vs 4 Forward
Center Wing Time % Phy DF OF
1 Eric Staal Jake DeBrusk 60 1 2 2
2 Patrik Berglund Bryan Rust 40 1 2 2
4 vs 4 Defense
Defense Defense Time % Phy DF OF
1 Sami Vatanen Erik Johnson 60 1 2 2
2 Esa Lindell Christian Folin 40 1 2 2
Last Minutes Offensive
Center Left Wing Right Wing Defense Defense
Eric Staal Brad Marchand Bryan Rust Sami Vatanen Erik Johnson
Last Minutes Defensive
Center Left Wing Right Wing Defense Defense
Eric Staal Brad Marchand Bryan Rust Sami Vatanen Erik Johnson
Goaltenders
Starting : Christopher Gibson
Backup : Michael Hutchinson
Extra Forwards
Normal : Evgeny Svechnikov, Kevin Labanc, David Ullstrom - PP : Evgeny Svechnikov, Kevin Labanc - PK : Bryan Rust
Extra Defensemen
Normal : Erik Johnson, Rasmus Andersson, Esa Lindell - PP : Colby Robak - PK : Erik Johnson, Colby Robak
Penalty Shots
Eric Staal, Patrik Berglund, Bryan Rust, Jimmy Hayes, Jake DeBrusk
Custom OT Lines Forwards
Eric Staal, Patrik Berglund, Bryan Rust, Jimmy Hayes, Brad Marchand, Kevin Labanc, Tanner Pearson, Evgeny Svechnikov, David Ullstrom, Victor Rask
Custom OT Lines Defensemen
Sami Vatanen, Erik Johnson, Esa Lindell, Christian Folin, Colby Robak
Scratches
Kyle Palmieri (Healthy), Matthew Nieto (Healthy)
% Time on Ice - Jets
Lines # - Real PCT - Wanted PCT - Time Play
Normal Forward
1 - 34% - 40% - 16:57
2 - 27% - 30% - 13:39
3 - 23% - 20% - 11:31
4 - 17% - 10% - 8:23
Normal Defense
1 - 41% - 40% - 20:37
2 - 33% - 30% - 16:42
3 - 22% - 20% - 10:57
4 - 4% - 10% - 2:14
PP Forward
1 - 55% - 60% - 3:18
2 - 45% - 40% - 2:39
PP Defense
1 - 62% - 60% - 3:43
2 - 38% - 40% - 2:14
PK Forward
1 - 85% - 60% - 3:02
2 - 15% - 40% - 0:31
PK Defense
1 - 68% - 60% - 2:25
2 - 32% - 40% - 1:08
PK3 Forward
1 - 0% - 60%
2 - 0% - 40%
PK3 Defense
1 - 0% - 60%
2 - 0% - 40%
44 Forward
1 - 0% - 60%
2 - 0% - 40%
44 Defense
1 - 0% - 60%
2 - 0% - 40%
Last Minute Offensive - 0:00
Last Minute Defensive - 0:00
Total
Forward - 60:00
Defense - 60:00
|
% Time on Ice - Flames
Lines # - Real PCT - Wanted PCT - Time Play
Normal Forward
1 - 35% - 40% - 17:45
2 - 25% - 30% - 12:32
3 - 23% - 20% - 11:34
4 - 17% - 10% - 8:39
Normal Defense
1 - 40% - 40% - 20:16
2 - 30% - 30% - 15:05
3 - 25% - 20% - 12:24
4 - 5% - 10% - 2:45
PP Forward
1 - 74% - 60% - 2:38
2 - 26% - 40% - 0:55
PP Defense
1 - 75% - 60% - 2:39
2 - 25% - 40% - 0:54
PK Forward
1 - 71% - 60% - 4:15
2 - 29% - 40% - 1:42
PK Defense
1 - 55% - 60% - 3:18
2 - 45% - 40% - 2:39
PK3 Forward
1 - 0% - 60%
2 - 0% - 40%
PK3 Defense
1 - 0% - 60%
2 - 0% - 40%
44 Forward
1 - 0% - 60%
2 - 0% - 40%
44 Defense
1 - 0% - 60%
2 - 0% - 40%
Last Minute Offensive - 0:00
Last Minute Defensive - 0:00
Total
Forward - 60:00
Defense - 60:00
|
Play-by-Play
1st period
0:01 of 1st period - Tyler Seguin wins face-off versus Eric Staal in neutral zone.
0:06 of 1st period - Snap shot by Tyler Seguin.
0:06 of 1st period - Stopped by Christopher Gibson without a rebound.
0:07 of 1st period - Tyler Seguin wins face-off versus Eric Staal in Flames zone.
0:14 of 1st period - Snap shot by Tyler Seguin.
0:14 of 1st period - Stopped by Christopher Gibson without a rebound.
0:15 of 1st period - Charlie Coyle wins face-off versus Patrik Berglund in Flames zone.
1:05 of 1st period - Slapshot by Eric Staal.
1:05 of 1st period - Stopped by Jacob Markstrom with a rebound.
1:07 of 1st period - Slapshot by Sami Vatanen.
1:07 of 1st period - Shot Blocked by Tyler Seguin.
1:09 of 1st period - Wrist shot by Erik Johnson.
1:09 of 1st period - Shot Hit the Post.
1:11 of 1st period - Wrist shot by Bryan Rust.
1:11 of 1st period - Shot Blocked by Ryan Murray.
1:21 of 1st period - Wrist shot by Tyler Seguin.
1:21 of 1st period - Stopped by Christopher Gibson without a rebound.
1:22 of 1st period - Roope Hintz wins face-off versus Anders Lee in Flames zone.
1:34 of 1st period - Off-side.
1:35 of 1st period - Patrik Berglund wins face-off versus Charlie Coyle in neutral zone.
1:44 of 1st period - Snap shot by Patrik Berglund.
1:44 of 1st period - Shot Misses the Net.
2:26 of 1st period - Christian Folin is hit by Sam Reinhart and loses puck.
2:31 of 1st period - Wrist shot by Sam Reinhart.
2:31 of 1st period - Stopped by Christopher Gibson without a rebound.
2:32 of 1st period - Tyler Seguin wins face-off versus Patrik Berglund in Flames zone.
2:35 of 1st period - Snap shot by Anthony Mantha.
2:35 of 1st period - Stopped by Christopher Gibson without a rebound.
2:36 of 1st period - Eric Staal wins face-off versus Tyler Seguin in Flames zone.
2:38 of 1st period - Minor Penalty to Eric Staal for Interference.
2:39 of 1st period - Patrik Berglund wins face-off versus Tyler Seguin in Flames zone.
2:49 of 1st period - Slapshot by Dougie Hamilton.
2:49 of 1st period - Stopped by Christopher Gibson with a rebound.
2:51 of 1st period - Backhand shot by Anthony Mantha.
2:51 of 1st period - Stopped by Christopher Gibson without a rebound.
2:52 of 1st period - Patrik Berglund wins face-off versus Tyler Seguin in Flames zone.
4:38 of 1st period - Penalty to Eric Staal is over, Eric Staal is back on ice.
4:55 of 1st period - Slapshot by Patrik Berglund.
4:55 of 1st period - Shot Blocked by Erik Cernak.
4:59 of 1st period - Slapshot by Eric Staal.
4:59 of 1st period - Stopped by Jacob Markstrom without a rebound.
5:00 of 1st period - Victor Rask wins face-off versus Roope Hintz in Jets zone.
5:11 of 1st period - Wrist shot by Sam Reinhart.
5:11 of 1st period - Shot Misses the Net.
5:14 of 1st period - Icing by Rasmus Andersson.
5:15 of 1st period - Tyler Seguin wins face-off versus Victor Rask in Flames zone.
5:20 of 1st period - Snap shot by Tyler Seguin.
5:20 of 1st period - Stopped by Christopher Gibson with a rebound.
5:40 of 1st period - Jake DeBrusk is hit by Adam Larsson and loses puck.
5:50 of 1st period - Off-side.
5:51 of 1st period - Tyler Seguin wins face-off versus Bryan Rust in neutral zone.
6:48 of 1st period - Wrist shot by Robby Fabbri.
6:48 of 1st period - Shot Misses the Net.
6:50 of 1st period - Snap shot by Dylan Strome.
6:50 of 1st period - Deflect By Robby Fabbri.
6:50 of 1st period - Shot Blocked by Christian Folin.
6:50 of 1st period - Puck is out of play.
6:51 of 1st period - Tyler Seguin wins face-off versus Eric Staal in Flames zone.
6:58 of 1st period - Slapshot by Jack Roslovic.
6:58 of 1st period - Shot Misses the Net.
7:18 of 1st period - Erik Johnson is hit by Pavel Buchnevich and loses puck.
7:45 of 1st period - Wrist shot by Kevin Labanc.
7:45 of 1st period - Stopped by Jacob Markstrom without a rebound.
7:46 of 1st period - Tyler Seguin wins face-off versus Victor Rask in Jets zone.
7:48 of 1st period - Minor Penalty to Adam Larsson for Interference.
7:49 of 1st period - Tyler Seguin wins face-off versus Eric Staal in Jets zone.
8:15 of 1st period - Tyler Seguin is hit by Sami Vatanen.
8:53 of 1st period - Tyler Seguin is hit by Rasmus Andersson and loses puck.
9:08 of 1st period - Charlie Coyle is hit by Brad Marchand.
9:18 of 1st period - Charlie Coyle is hit by Brad Marchand and loses puck.
9:48 of 1st period - Penalty to Adam Larsson is over, Adam Larsson is back on ice.
10:28 of 1st period - Slapshot by Anthony Mantha.
10:28 of 1st period - Shot Misses the Net.
10:36 of 1st period - Snap shot by Anders Lee.
10:36 of 1st period - Shot Misses the Net.
10:38 of 1st period - Slapshot by Erik Johnson.
10:38 of 1st period - Shot Blocked by Adam Larsson.
10:40 of 1st period - Wrist shot by Sami Vatanen.
10:40 of 1st period - Stopped by Jacob Markstrom with a rebound.
10:42 of 1st period - Wrist shot by Anders Lee.
10:42 of 1st period - Deflect By David Ullstrom.
10:42 of 1st period - Shot Blocked by Noah Hanifin.
10:42 of 1st period - Puck is out of play.
10:43 of 1st period - Roope Hintz wins face-off versus Patrik Berglund in Jets zone.
11:05 of 1st period - Icing by Tanner Pearson.
11:06 of 1st period - Patrik Berglund wins face-off versus Charlie Coyle in Flames zone.
11:34 of 1st period - Wrist shot by Jimmy Hayes.
11:34 of 1st period - Stopped by Jacob Markstrom without a rebound.
11:35 of 1st period - Patrik Berglund wins face-off versus Dylan Strome in Jets zone.
12:02 of 1st period - Brad Marchand is hit by Dougie Hamilton and loses puck.
13:26 of 1st period - Wrist shot by Bryan Rust.
13:26 of 1st period - Shot Hit the Post.
13:28 of 1st period - Snap shot by Jimmy Hayes.
13:28 of 1st period - Stopped by Jacob Markstrom without a rebound.
13:29 of 1st period - Tyler Seguin wins face-off versus Patrik Berglund in Jets zone.
13:48 of 1st period - Wrist shot by Jimmy Hayes.
13:48 of 1st period - Stopped by Jacob Markstrom with a rebound.
13:50 of 1st period - Slapshot by Esa Lindell.
13:50 of 1st period - Stopped by Jacob Markstrom with a rebound.
13:52 of 1st period - Slapshot by Christian Folin.
13:52 of 1st period - Stopped by Jacob Markstrom without a rebound.
13:53 of 1st period - Eric Staal wins face-off versus Charlie Coyle in Jets zone.
14:00 of 1st period - Wrist shot by Eric Staal.
14:00 of 1st period - Shot Misses the Net.
14:02 of 1st period - Snap shot by Bryan Rust.
14:02 of 1st period - Stopped by Jacob Markstrom without a rebound.
14:03 of 1st period - Charlie Coyle wins face-off versus Eric Staal in Jets zone.
14:25 of 1st period - Off-side.
14:26 of 1st period - Patrik Berglund wins face-off versus Tyler Seguin in neutral zone.
14:54 of 1st period - Icing by Robby Fabbri.
14:55 of 1st period - Eric Staal wins face-off versus Dylan Strome in Jets zone.
15:00 of 1st period - Snap shot by Bryan Rust.
15:00 of 1st period - Stopped by Jacob Markstrom with a rebound.
15:10 of 1st period - Snap shot by Dylan Strome.
15:10 of 1st period - Stopped by Christopher Gibson with a rebound.
15:26 of 1st period - Snap shot by Robby Fabbri.
15:26 of 1st period - Stopped by Christopher Gibson without a rebound.
15:27 of 1st period - Eric Staal wins face-off versus Anthony Mantha in Flames zone.
15:44 of 1st period - Dougie Hamilton is hit by Brad Marchand and loses puck.
16:26 of 1st period - Off-side.
16:27 of 1st period - Tyler Seguin wins face-off versus Eric Staal in neutral zone.
18:35 of 1st period - Wrist shot by Adam Gaudette.
18:35 of 1st period - Stopped by Christopher Gibson with a rebound.
19:12 of 1st period - Sam Reinhart is hit by Jake DeBrusk and loses puck.
19:55 of 1st period - Wrist shot by Eric Staal.
19:55 of 1st period - Shot Blocked by Pavel Buchnevich.
Goals for this period are 0 for Jets vs 0 for Flames.
Shots for this period are 11 for Jets vs 11 for Flames.
2nd period
0:01 of 2nd period - Tyler Seguin wins face-off versus Eric Staal in neutral zone.
0:03 of 2nd period - Minor Penalty to Anthony Mantha for Cross-checking.
0:04 of 2nd period - Tyler Seguin wins face-off versus Eric Staal in Jets zone.
0:16 of 2nd period - Slapshot by Eric Staal.
0:16 of 2nd period - Stopped by Jacob Markstrom without a rebound.
0:17 of 2nd period - Tyler Seguin wins face-off versus Jake DeBrusk in Jets zone.
0:42 of 2nd period - Icing by Bryan Rust.
0:43 of 2nd period - Eric Staal wins face-off versus Tyler Seguin in Flames zone.
0:54 of 2nd period - Backhand shot by Bryan Rust.
0:54 of 2nd period - Stopped by Jacob Markstrom with a rebound.
1:02 of 2nd period - Slapshot by Jake DeBrusk.
1:02 of 2nd period - Shot Misses the Net.
1:08 of 2nd period - Snap shot by Sami Vatanen.
1:08 of 2nd period - Shot Misses the Net.
1:10 of 2nd period - Slapshot by Eric Staal.
1:10 of 2nd period - Goal by Eric Staal - Jets : 0 - Flames : 1.
1:11 of 2nd period - Dylan Strome wins face-off versus Patrik Berglund in neutral zone.
1:14 of 2nd period - Slapshot by Robby Fabbri.
1:14 of 2nd period - Shot Blocked by Esa Lindell.
1:18 of 2nd period - Wrist shot by Dougie Hamilton.
1:18 of 2nd period - Stopped by Christopher Gibson without a rebound.
1:19 of 2nd period - Patrik Berglund wins face-off versus Dylan Strome in Flames zone.
2:00 of 2nd period - Slapshot by Adam Larsson.
2:00 of 2nd period - Shot Misses the Net.
2:02 of 2nd period - Snap shot by Robby Fabbri.
2:02 of 2nd period - Shot Blocked by Christian Folin.
2:04 of 2nd period - Slapshot by Adam Larsson.
2:04 of 2nd period - Deflect By Dylan Strome.
2:04 of 2nd period - Shot Blocked by Jimmy Hayes.
2:04 of 2nd period - Puck is out of play.
2:05 of 2nd period - Tyler Seguin wins face-off versus Eric Staal in Flames zone.
2:39 of 2nd period - Wrist shot by Charlie Coyle.
2:39 of 2nd period - Shot Misses the Net.
2:41 of 2nd period - Wrist shot by Pavel Buchnevich.
2:41 of 2nd period - Stopped by Christopher Gibson without a rebound.
2:42 of 2nd period - Eric Staal wins face-off versus Charlie Coyle in Flames zone.
3:07 of 2nd period - Jake DeBrusk is hit by Jack Roslovic and loses puck.
3:47 of 2nd period - Slapshot by Sami Vatanen.
3:47 of 2nd period - Stopped by Jacob Markstrom with a rebound.
4:32 of 2nd period - Snap shot by Tyler Seguin.
4:32 of 2nd period - Shot Blocked by Kevin Labanc.
4:56 of 2nd period - Wrist shot by Jimmy Hayes.
4:56 of 2nd period - Deflect By Patrik Berglund.
4:56 of 2nd period - Shot Blocked by Erik Cernak.
4:56 of 2nd period - Puck is out of play.
4:57 of 2nd period - Tyler Seguin wins face-off versus Eric Staal in Jets zone.
5:02 of 2nd period - Snap shot by Noah Hanifin.
5:02 of 2nd period - Deflect By Tyler Seguin.
5:02 of 2nd period - Shot Blocked by Colby Robak.
5:02 of 2nd period - Puck is out of play.
5:03 of 2nd period - Eric Staal wins face-off versus Tyler Seguin in Flames zone.
5:10 of 2nd period - Noah Hanifin is hit by Brad Marchand and loses puck.
5:26 of 2nd period - Icing by Jack Roslovic.
5:27 of 2nd period - Patrik Berglund wins face-off versus Charlie Coyle in Jets zone.
5:50 of 2nd period - Minor Penalty to Erik Cernak for Holding.
5:51 of 2nd period - Eric Staal wins face-off versus Tyler Seguin in Jets zone.
5:59 of 2nd period - Snap shot by Jake DeBrusk.
5:59 of 2nd period - Shot Misses the Net.
6:01 of 2nd period - Slapshot by Eric Staal.
6:01 of 2nd period - Shot Misses the Net.
6:03 of 2nd period - Wrist shot by Bryan Rust.
6:03 of 2nd period - Shot Misses the Net.
6:05 of 2nd period - Snap shot by Eric Staal.
6:05 of 2nd period - Flames goal is going for a video replay.
6:05 of 2nd period - The goal is refused. The goalkeeper has been pushed into the net together with the puck after making a save..
6:06 of 2nd period - Eric Staal wins face-off versus Tyler Seguin in Jets zone.
6:17 of 2nd period - Snap shot by Bryan Rust.
6:17 of 2nd period - Goal by Bryan Rust - Jets : 0 - Flames : 2.
6:18 of 2nd period - Anthony Mantha wins face-off versus Eric Staal in neutral zone.
6:23 of 2nd period - Snap shot by Jack Roslovic.
6:23 of 2nd period - Goal by Jack Roslovic - Jets : 1 - Flames : 2.
6:24 of 2nd period - Tyler Seguin wins face-off versus Brad Marchand in neutral zone.
6:31 of 2nd period - Wrist shot by Jack Roslovic.
6:31 of 2nd period - Shot Misses the Net.
7:01 of 2nd period - Snap shot by Anthony Mantha.
7:01 of 2nd period - Goal by Anthony Mantha - Jets : 2 - Flames : 2.
7:02 of 2nd period - Eric Staal wins face-off versus Charlie Coyle in neutral zone.
7:20 of 2nd period - Bryan Rust is hit by Adam Gaudette and loses puck.
8:17 of 2nd period - Wrist shot by Roope Hintz.
8:17 of 2nd period - Stopped by Christopher Gibson without a rebound.
8:18 of 2nd period - Roope Hintz wins face-off versus Brad Marchand in Flames zone.
9:09 of 2nd period - Wrist shot by Charlie Coyle.
9:09 of 2nd period - Stopped by Christopher Gibson without a rebound.
9:10 of 2nd period - Eric Staal wins face-off versus Pavel Buchnevich in Flames zone.
9:33 of 2nd period - Snap shot by Charlie Coyle.
9:33 of 2nd period - Deflect By Pavel Buchnevich.
9:33 of 2nd period - Shot Blocked by Bryan Rust.
9:33 of 2nd period - Puck is out of play.
9:34 of 2nd period - Jimmy Hayes wins face-off versus Tyler Seguin in Flames zone.
9:34 of 2nd period - Jimmy Hayes is hit by Dougie Hamilton.
9:42 of 2nd period - Snap shot by Anthony Mantha.
9:42 of 2nd period - Shot Misses the Net.
9:44 of 2nd period - Slapshot by Dougie Hamilton.
9:44 of 2nd period - Shot Blocked by Sami Vatanen.
10:00 of 2nd period - Dylan Strome is hit by Jake DeBrusk and loses puck.
10:44 of 2nd period - Slapshot by Esa Lindell.
10:44 of 2nd period - Stopped by Jacob Markstrom without a rebound.
10:45 of 2nd period - Anders Lee wins face-off versus Roope Hintz in Jets zone.
10:48 of 2nd period - Snap shot by David Ullstrom.
10:48 of 2nd period - Stopped by Jacob Markstrom with a rebound.
10:54 of 2nd period - Snap shot by Troy Stetcher.
10:54 of 2nd period - Shot Misses the Net.
10:56 of 2nd period - Wrist shot by Samuel Blais.
10:56 of 2nd period - Shot Misses the Net.
11:19 of 2nd period - Snap shot by Roope Hintz.
11:19 of 2nd period - Shot Misses the Net.
12:02 of 2nd period - Wrist shot by Roope Hintz.
12:02 of 2nd period - Shot Misses the Net.
12:04 of 2nd period - Snap shot by Roope Hintz.
12:04 of 2nd period - Shot Blocked by Erik Johnson.
12:06 of 2nd period - Snap shot by Roope Hintz.
12:06 of 2nd period - Shot Misses the Net.
12:45 of 2nd period - Slapshot by Roope Hintz.
12:45 of 2nd period - Shot Blocked by Sami Vatanen.
12:47 of 2nd period - Slapshot by Ryan Murray.
12:47 of 2nd period - Stopped by Christopher Gibson without a rebound.
12:48 of 2nd period - Tyler Seguin wins face-off versus Eric Staal in Flames zone.
13:15 of 2nd period - Patrik Berglund is hit by Pavel Buchnevich and loses puck.
14:29 of 2nd period - Snap shot by Pavel Buchnevich.
14:29 of 2nd period - Stopped by Christopher Gibson without a rebound.
14:30 of 2nd period - Patrik Berglund wins face-off versus Charlie Coyle in Flames zone.
14:57 of 2nd period - Snap shot by Eric Staal.
14:57 of 2nd period - Goal by Eric Staal - Jets : 2 - Flames : 3.
14:58 of 2nd period - Tyler Seguin wins face-off versus Bryan Rust in neutral zone.
15:13 of 2nd period - Wrist shot by Jack Roslovic.
15:13 of 2nd period - Shot Blocked by Christian Folin.
15:15 of 2nd period - Slapshot by Adam Larsson.
15:15 of 2nd period - Shot Misses the Net.
15:33 of 2nd period - Snap shot by Jimmy Hayes.
15:33 of 2nd period - Stopped by Jacob Markstrom with a rebound.
15:35 of 2nd period - Snap shot by Patrik Berglund.
15:35 of 2nd period - Stopped by Jacob Markstrom with a rebound.
16:44 of 2nd period - Slapshot by Sami Vatanen.
16:44 of 2nd period - Stopped by Jacob Markstrom without a rebound.
16:45 of 2nd period - Tyler Seguin wins face-off versus Eric Staal in Jets zone.
17:20 of 2nd period - Wrist shot by Adam Gaudette.
17:20 of 2nd period - Stopped by Christopher Gibson with a rebound.
18:22 of 2nd period - Snap shot by Eric Staal.
18:22 of 2nd period - Shot Misses the Net.
19:23 of 2nd period - Jack Roslovic is hit by Bryan Rust and loses puck.
Goals for this period are 2 for Jets vs 3 for Flames.
Shots for this period are 9 for Jets vs 12 for Flames.
3rd period
0:01 of 3rd period - Tyler Seguin wins face-off versus Eric Staal in neutral zone.
0:22 of 3rd period - Minor Penalty to Eric Staal for High sticking.
0:23 of 3rd period - Patrik Berglund wins face-off versus Tyler Seguin in Flames zone.
0:36 of 3rd period - Snap shot by Anthony Mantha.
0:36 of 3rd period - Shot Misses the Net.
0:56 of 3rd period - Slapshot by Dougie Hamilton.
0:56 of 3rd period - Stopped by Christopher Gibson with a rebound.
0:58 of 3rd period - Slapshot by Adam Larsson.
0:58 of 3rd period - Stopped by Christopher Gibson with a rebound.
1:44 of 3rd period - Tyler Seguin is hit by Anders Lee and loses puck.
2:22 of 3rd period - Penalty to Eric Staal is over, Eric Staal is back on ice.
2:50 of 3rd period - Christian Folin is hit by Alex Tuch and loses puck.
4:26 of 3rd period - Icing by David Ullstrom.
4:27 of 3rd period - Tyler Seguin wins face-off versus Anders Lee in Flames zone.
5:12 of 3rd period - Snap shot by Dylan Strome.
5:12 of 3rd period - Shot Blocked by Colby Robak.
6:16 of 3rd period - Noah Hanifin is hit by Eric Staal.
7:02 of 3rd period - Wrist shot by Adam Gaudette.
7:02 of 3rd period - Stopped by Christopher Gibson with a rebound.
7:08 of 3rd period - Charlie Coyle is hit by Bryan Rust and loses puck.
7:15 of 3rd period - Wrist shot by Eric Staal.
7:15 of 3rd period - Shot Blocked by Ryan Murray.
7:17 of 3rd period - Slapshot by Esa Lindell.
7:17 of 3rd period - Stopped by Jacob Markstrom with a rebound.
7:27 of 3rd period - Snap shot by Charlie Coyle.
7:27 of 3rd period - Shot Misses the Net.
7:29 of 3rd period - Slapshot by Troy Stetcher.
7:29 of 3rd period - Stopped by Christopher Gibson without a rebound.
7:30 of 3rd period - Tyler Seguin wins face-off versus Tanner Pearson in Flames zone.
7:37 of 3rd period - Snap shot by Jack Roslovic.
7:37 of 3rd period - Shot Blocked by Christian Folin.
8:05 of 3rd period - Snap shot by Jake DeBrusk.
8:05 of 3rd period - Stopped by Jacob Markstrom without a rebound.
8:06 of 3rd period - Alex Tuch wins face-off versus Victor Rask in Jets zone.
8:06 of 3rd period - Alex Tuch is hit by Kevin Labanc.
8:23 of 3rd period - Wrist shot by Jake DeBrusk.
8:23 of 3rd period - Stopped by Jacob Markstrom without a rebound.
8:24 of 3rd period - Patrik Berglund wins face-off versus Tyler Seguin in Jets zone.
8:26 of 3rd period - Icing by Adam Larsson.
8:27 of 3rd period - Patrik Berglund wins face-off versus Anthony Mantha in Jets zone.
9:03 of 3rd period - Snap shot by Bryan Rust.
9:03 of 3rd period - Goal by Bryan Rust - Jets : 2 - Flames : 4.
9:04 of 3rd period - Eric Staal wins face-off versus Tyler Seguin in neutral zone.
9:07 of 3rd period - Slapshot by Sami Vatanen.
9:07 of 3rd period - Shot Blocked by Anthony Mantha.
9:41 of 3rd period - Minor Penalty to Jimmy Hayes for Roughing.
9:42 of 3rd period - Patrik Berglund wins face-off versus Tyler Seguin in Flames zone.
11:14 of 3rd period - Icing by Adam Larsson.
11:15 of 3rd period - Tyler Seguin wins face-off versus Anders Lee in Jets zone.
11:32 of 3rd period - Patrik Berglund is hit by Adam Gaudette and loses puck.
11:41 of 3rd period - Penalty to Jimmy Hayes is over, Jimmy Hayes is back on ice.
11:50 of 3rd period - Icing by Sami Vatanen.
11:51 of 3rd period - Dylan Strome wins face-off versus Victor Rask in Flames zone.
12:26 of 3rd period - Slapshot by Robby Fabbri.
12:26 of 3rd period - Shot Misses the Net.
12:28 of 3rd period - Slapshot by Troy Stetcher.
12:28 of 3rd period - Shot Blocked by Erik Johnson.
12:30 of 3rd period - Slapshot by Robby Fabbri.
12:30 of 3rd period - Shot Misses the Net.
12:32 of 3rd period - Snap shot by Dylan Strome.
12:32 of 3rd period - Shot Misses the Net.
12:48 of 3rd period - Snap shot by Robby Fabbri.
12:48 of 3rd period - Deflect By Dylan Strome.
12:48 of 3rd period - Stopped by Christopher Gibson without a rebound.
12:49 of 3rd period - Tyler Seguin wins face-off versus Eric Staal in Flames zone.
12:58 of 3rd period - Adam Larsson is hit by Brad Marchand and loses puck.
13:15 of 3rd period - Esa Lindell is hit by Adam Larsson and loses puck.
13:22 of 3rd period - Slapshot by Samuel Blais.
13:22 of 3rd period - Shot Blocked by Esa Lindell.
13:24 of 3rd period - Wrist shot by Sam Reinhart.
13:24 of 3rd period - Shot Hit the Post.
14:56 of 3rd period - Colby Robak is hit by Pavel Buchnevich and loses puck.
15:01 of 3rd period - Snap shot by Adam Gaudette.
15:01 of 3rd period - Stopped by Christopher Gibson with a rebound.
15:03 of 3rd period - Wrist shot by Charlie Coyle.
15:03 of 3rd period - Shot Blocked by Brad Marchand.
15:13 of 3rd period - Anthony Mantha is hit by Colby Robak.
15:38 of 3rd period - Dylan Strome is hit by Kevin Labanc.
15:52 of 3rd period - Wrist shot by Anders Lee.
15:52 of 3rd period - Stopped by Jacob Markstrom with a rebound.
16:01 of 3rd period - Icing by Troy Stetcher.
16:02 of 3rd period - Dylan Strome wins face-off versus Victor Rask in Jets zone.
16:13 of 3rd period - Snap shot by Robby Fabbri.
16:13 of 3rd period - Shot Blocked by Victor Rask.
16:15 of 3rd period - Snap shot by Alex Tuch.
16:15 of 3rd period - Shot Misses the Net.
16:50 of 3rd period - Snap shot by Dylan Strome.
16:50 of 3rd period - Shot Blocked by Erik Johnson.
16:52 of 3rd period - Snap shot by Robby Fabbri.
16:52 of 3rd period - Stopped by Christopher Gibson with a rebound.
16:54 of 3rd period - Slapshot by Ryan Murray.
16:54 of 3rd period - Shot Misses the Net.
16:56 of 3rd period - Slapshot by Ryan Murray.
16:56 of 3rd period - Deflect By Robby Fabbri.
16:56 of 3rd period - Stopped by Christopher Gibson without a rebound.
16:57 of 3rd period - Eric Staal wins face-off versus Tyler Seguin in Flames zone.
17:16 of 3rd period - Brad Marchand is hit by Anthony Mantha and loses puck.
17:35 of 3rd period - Wrist shot by Kevin Labanc.
17:35 of 3rd period - Deflect By Jake DeBrusk.
17:35 of 3rd period - Shot Misses the Net.
17:35 of 3rd period - Puck is out of play.
17:36 of 3rd period - Victor Rask wins face-off versus Charlie Coyle in Jets zone.
17:45 of 3rd period - Snap shot by Adam Gaudette.
17:45 of 3rd period - Shot Blocked by Kevin Labanc.
17:47 of 3rd period - Slapshot by Pavel Buchnevich.
17:47 of 3rd period - Stopped by Christopher Gibson without a rebound.
17:48 of 3rd period - Tyler Seguin wins face-off versus Victor Rask in Flames zone.
18:37 of 3rd period - Adam Gaudette is hit by Tanner Pearson and loses puck.
Goals for this period are 0 for Jets vs 1 for Flames.
Shots for this period are 9 for Jets vs 5 for Flames.